 Dungeon Crawl Stone Soup version 0.16-a0-3303-g3c4fcab (webtiles) character file.

11021 myeffort the Impaler (level 11, -3/112 HPs)
             Began as a Merfolk Berserker on Dec 25, 2014.
             Was a High Priest of Trog.
             Slain by an unseen horror (5 damage)
             ... on level 10 of the Dungeon.
             The game lasted 00:25:12 (9732 turns).

myeffort the Impaler (Merfolk Berserker)            Turns: 9732, Time: 00:25:12

Health: -3/112     AC:  3    Str: 23    XL:     11   Next: 71%
Magic:  3/3        EV: 22    Int:  6    God:    Trog [*****.]
Gold:   684        SH:  0    Dex: 17    Spells: 0 memorised, 10 levels left

rFire  . . .     SeeInvis .     Q - +3 glaive (antimagic)
rCold  . . .     Clarity  .     I - +0 robe "Orech" {MR+}
rNeg   . . .     SustAb   .     (no shield)
rPois  .         Gourm    .     h - +0 helmet
rElec  .         Spirit   .     (no cloak)
rCorr  .         Warding  .     (no gloves)
rMut   .         Stasis   .     (no boots)
MR     ++++.                    t - amulet of regeneration
Stlth  ..........               (no ring)
                                H - ring of protection from magic

@: berserking, regenerating, very quick, incredibly resistant to hostile
enchantments, extremely unstealthy
A: change form in water, swift swim
a: Burn Spellbooks, Berserk, Trog's Hand, Brothers in Arms, Renounce Religion


You were on level 10 of the Dungeon.
You worshipped Trog.
Trog was extremely pleased with you.
You were not hungry.

You visited 1 branch of the dungeon, and saw 12 of its levels.

You collected 840 gold pieces.
You spent 156 gold pieces at shops.

Inventory:

Hand weapons
 a - a +3 halberd of protection
 Q - a +3 antimagic glaive (weapon)
Missiles
 d - 17 poisoned needles
Armour
 g - a +0 leather armour
 h - a +0 helmet (worn)
 I - the +0 robe "Orech" (worn) {MR+}
   (You found it on level 8 of the Dungeon)

   It affects your resistance to hostile enchantments.
 N - a steam dragon hide
Jewellery
 r - an uncursed amulet of stasis
 t - an amulet of regeneration (around neck)
 u - an uncursed ring of loudness
 H - a ring of protection from magic (left hand)
 O - a -2 ring of strength
Magical devices
 w - a wand of teleportation (3)
 z - a wand of slowing (10)
 A - a wand of fire (0)
 B - a wand of digging (15)
Scrolls
 e - 3 scrolls of fog
 i - 8 scrolls of teleportation
 k - 5 scrolls of remove curse
 l - a scroll of fear
 n - 7 scrolls of identify
 o - a scroll of amnesia
 v - a scroll of acquirement {unknown}
 C - a scroll of random uselessness
 K - a scroll of torment {unknown}
Potions
 f - 5 potions of restore abilities
 j - a potion of agility
 m - a potion of heal wounds
 p - a potion of poison
 q - a potion of berserk rage
 s - a potion of invisibility
 x - a potion of cure mutation {unknown}
 D - a potion of mutation
 E - a potion of lignification {unknown}
 L - a potion of curing
Books
 y - a book of Ice

   Spells                             Type                      Level
   a - Ice Form                       Ice/Transmutation            4
   b - Metabolic Englaciation         Hexes/Ice                    5
   c - Ozocubu's Refrigeration        Ice                          6
   d - Bolt of Cold                   Conjuration/Ice              6
   e - Freezing Cloud                 Conjuration/Ice/Air          6
   f - Simulacrum                     Ice/Necromancy               6
   Trog disapproves of the use of such an item.
 J - a book of Spatial Translocations

   Spells                             Type                      Level
   a - Apportation                    Translocation                1
   b - Blink                          Translocation                2
   c - Shroud of Golubria             Charms/Translocation         2
   d - Portal Projectile              Translocation                3
   e - Teleport Other                 Translocation                3
   f - Passage of Golubria            Translocation                4
   Trog disapproves of the use of such an item.
Comestibles
 b - 14 meat rations
 c - 2 bread rations
 F - 10 fruits
 G - 4 slices of pizza
 M - 2 beef jerkies


   Skills:
 - Level 3.2 Fighting
 - Level 16.0 Polearms
 - Level 1.3 Armour
 + Level 12.7 Dodging
 + Level 11.7 Stealth


You had 10 spell levels left.
You didn't know any spells.

Dungeon Overview and Level Annotations

Branches:
Dungeon (12/15)            Temple (0/1) D:4            Lair (0/8) D:9
    Orc (0/4) D:10

Altars:
Gozag
Kikubaaqudgha
Makhleb
Okawaru
Sif Muna
Trog
Vehumet
Yredelemnul

Shops:
D:7 (!   D:11 ?   D:12 *

Annotations:
D:8 exclusion: door
D:10 exclusion: obsidian statue


Message History

Something barely misses you. The warg closely misses you.
You barely miss the warg.
The warg is almost dead.
Something barely misses you. The kobold hits you but does no damage.
The orc closely misses you. Something closely misses you.
An orc wizard comes into view. It is wielding a dagger.
You closely miss the warg.
The warg is almost dead.
The orc wizard shouts!
Something hits you.
* * * LOW HITPOINT WARNING * * *
The warg completely misses you. The kobold hits you.
* * * LOW HITPOINT WARNING * * *
You are too berserk!
You slice the warg!!
You feel the power of Trog in you as your rage grows.
You kill the warg!
Trog accepts your kill. Something hits you.
You die...

###..........##.†..
#............##....
#....###.######....
######....# #..#
#.... ..........#
##.# #....
######....#
#.#####....
.........##
#..........
.........(#
##..###.###
......o†@(#
#..#....#
......JKo.#
##.#.#..##
?o.....c.#
#..<.....
....o....#
#.[##.##.
....o...(#
##........
........#
#......... .......#
#......(.. ......#
#......... ###
#....[†...


You could see a centaur, a jelly, an orc wizard, 4 orcs and a kobold.

Vanquished Creatures
  A hydra (D:8)
  2 ugly things
  A manticore (D:12)
  2 gargoyles
  A kobold demonologist (D:12)
  A shadow (D:12)
  A wraith (D:12)
  A trapdoor spider (shapeshifter) (D:11)
  2 hippogriffs (D:12)
  A deep elf mage (D:11)
  7 yaks
  A deep elf fighter (D:9)
  A steam dragon (D:11)
  A warg (D:10)
  A mottled dragon (D:12)
  2 hungry ghosts
  Edmund (D:9)
  A necrophage (D:11)
  5 orc warriors
  A phantom (D:7)
  3 black bears
  2 sky beasts
  3 ogres
  2 crocodiles
  An ice beast (D:8)
  7 centaurs
  A gnoll sergeant (D:9)
  3 big kobolds (D:8)
  4 giant frogs
  8 wights
  5 killer bees (D:12)
  A crimson imp (D:7)
  2 goliath beetles
  2 jellies
  A giant frog zombie (D:5)
  4 hounds
  A centaur skeleton (D:12)
  6 giant frog skeletons
  10 orc wizards
  3 orc priests
  2 sheep (D:8)
  8 worker ants
  3 iguanas
  A hound zombie (D:8)
  A hound skeleton (D:8)
  2 mummies (D:11)
  8 adders
  19 gnolls
  2 river rats (D:9)
  3 shadow imps
  3 giant mites
  3 worms
  An adder zombie (D:9)
  2 adder skeletons
  An ooze (D:2)
  32 orcs
  2 ball pythons
  3 giant cockroaches
  2 gnoll zombies (D:7)
  19 hobgoblins
  3 jackals
  2 quokkas
  A ball python skeleton (D:4)
  19 bats
  5 giant geckos
  A giant gecko skeleton (D:5)
  5 giant newts
  12 goblins
  16 kobolds
  25 rats
309 creatures vanquished.

Vanquished Creatures (collateral kills)
  A hydra (D:9)
1 creature vanquished.

Grand Total: 310 creatures vanquished

Notes
Turn   | Place    | Note
--------------------------------------------------------------
     0 | D:1      | myeffort, the Merfolk Berserker, began the quest for the Orb.
     0 | D:1      | Reached XP level 1. HP: 18/18 MP: 1/1
   181 | D:1      | Reached skill level 5 in Polearms
   215 | D:1      | Reached XP level 2. HP: 21/24 MP: 2/2
   879 | D:2      | Reached XP level 3. HP: 24/29 MP: 3/3
   885 | D:2      | Acquired Trog's second power
   885 | D:2      | Reached skill level 6 in Polearms
   997 | D:2      | Found an ancient bone altar of Kikubaaqudgha.
  1050 | D:2      | Found a burning altar of Makhleb.
  1356 | D:2      | Found a deep blue altar of Sif Muna.
  1356 | D:2      | Found a radiant altar of Vehumet.
  1539 | D:2      | Reached XP level 4. HP: 30/35 MP: 4/4
  1592 | D:2      | Reached skill level 7 in Polearms
  2262 | D:4      | Reached skill level 8 in Polearms
  2262 | D:4      | Reached XP level 5. HP: 41/41 MP: 5/5
  2546 | D:4      | Found a staircase to the Ecumenical Temple.
  2604 | D:4      | Reached skill level 9 in Polearms
  2816 | D:4      | Reached XP level 6. HP: 47/47 MP: 6/6
  3183 | D:5      | Entered Level 5 of the Dungeon
  3510 | D:5      | Reached skill level 10 in Polearms
  3956 | D:5      | Reached skill level 11 in Polearms
  3956 | D:5      | Reached XP level 7. HP: 28/52 MP: 7/7
  4202 | D:5      | Found an iron altar of Okawaru.
  4203 | D:5      | Found a bloodstained altar of Trog.
  4457 | D:6      | Reached skill level 12 in Polearms
  4481 | D:6      | Found a sand-covered staircase.
  4530 | D:6      | Noticed a gargoyle
  4539 | D:6      | Killed a gargoyle
  4539 | D:6      | Reached skill level 13 in Polearms
  4539 | D:6      | Reached XP level 8. HP: 58/58 MP: 8/8
  5293 | D:7      | Found Sefac's Distillery.
  5306 | D:7      | Reached skill level 14 in Polearms
  5609 | D:7      | Reached skill level 15 in Polearms
  5728 | D:7      | Reached XP level 9. HP: 64/64 MP: 9/9
  5767 | D:7      | Reached skill level 16 in Polearms
  5829 | D:7      | Acquired Trog's third power
  5890 | D:7      | Reached skill level 1 in Stealth
  5942 | D:7      | Found Zytouban's Antique Weapon Boutique.
  5945 | D:7      | Bought a runed halberd for 96 gold pieces
  6039 | D:7      | Found a basalt altar of Yredelemnul.
  6209 | D:8      | Reached skill level 5 in Dodging
  6342 | D:8      | Got a heavily jewelled robe
  6353 | D:8      | Identified the cursed +0 robe "Orech" {MR+} (You found it on level 8 of the Dungeon)
  6606 | D:8      | Reached skill level 5 in Stealth
  6806 | D:8      | Noticed a two-headed hydra
  6819 | D:8      | Killed a six-headed hydra
  6819 | D:8      | Reached XP level 10. HP: 13/70 MP: 10/10
  7307 | D:9      | Noticed Edmund
  7329 | D:9      | Killed Edmund
  7453 | D:9      | Found a staircase to the Lair.
  7453 | D:9      | Noticed a six-headed hydra
  7478 | D:9      | Killed a 13-headed hydra
  7601 | D:9      | Found an opulent altar of Gozag.
  7671 | D:9      | Reached skill level 10 in Dodging
  7747 | D:10     | Entered Level 10 of the Dungeon
  7757 | D:10     | Noticed an obsidian statue
  7827 | D:10     | Reached XP level 11. HP: 28/75 MP: 11/11
  7961 | D:11     | Found Greaffouli's Magic Scroll Boutique.
  7981 | D:11     | Reached skill level 10 in Stealth
  8014 | D:11     | Bought a scroll of fear for 38 gold pieces
  8014 | D:11     | Bought a scroll of fog for 22 gold pieces
  8984 | D:12     | Found Fualar's General Store.
  9662 | D:10     | Received a gift from Trog
  9714 | D:10     | Found a staircase to the Orcish Mines.
  9731 | D:10     | HP: 5/112 [something (4)]
  9731 | D:10     | HP: 1/112 [kobold (4)]
  9732 | D:10     | Slain by an unseen horror

Action                   |  1- 3 |  4- 6 |  7- 9 | 10-12 || total
-------------------------+-------+-------+-------+-------++-------
Melee: Spear             |   160 |   293 |   500 |       ||   953
       Halberd           |       |     5 |   105 |   441 ||   551
       Glaive            |       |       |       |    13 ||    13
Invok: Berserk           |     2 |     8 |     9 |    12 ||    31
       Trog's Hand       |       |     2 |       |     3 ||     5
       Brothers in Arms  |       |       |       |     1 ||     1
Evoke: Wand              |       |       |     1 |     3 ||     4
  Use: Potion            |       |     7 |     3 |     5 ||    15
       Scroll            |       |     1 |     1 |    13 ||    15
 Stab: Sleeping          |     1 |     1 |     2 |    16 ||    20
       Invisible         |       |       |       |     8 ||     8
       Distracted        |       |       |       |     2 ||     2
  Eat: Chunk             |     4 |     8 |    16 |    13 ||    41
       Bread ration      |       |     1 |     1 |     3 ||     5
       Pizza             |       |     1 |       |     2 ||     3
       Beef jerky        |       |     1 |       |       ||     1
       Fruit             |       |       |     1 |     1 ||     2
